 Dungeon Crawl Stone Soup version 0.31-a0-692-gf03d1854d5 (webtiles) character file.

Game seed: 12860442182578641097

345 qw the Shooter (level 6, -5/38 HPs)
             Began as a Gargoyle Hunter on Sept 6, 2023.
             Was an Initiate of Okawaru.
             Slain by Edmund
             ... wielding a +2 dire flail of protection
              (11 damage)
             ... on level 4 of the Dungeon.
             The game lasted 00:01:18 (2756 turns).

qw the Shooter (Gargoyle Hunter)                    Turns: 2756, Time: 00:01:19

Health: -5/38      AC: 12    Str: 15    XL:     6   Next: 58%
Magic:  6/6        EV: 11    Int:  9    God:    Okawaru [......]
Gold:   236        SH:  0    Dex: 15    Spells: 5/5 levels left

rFire   . . .        Y - +0 shortbow
rCold   . . .        (shield currently unavailable)
rNeg    + . .        g - +0 ring mail
rPois   inf          b - +2 helmet
rElec   +            (no cloak)
rCorr   .            (no gloves)
SInv    .            (no boots)
Will    .....        (no amulet)
Stlth   +            (no ring)
HPRegen 0.26/turn    (no ring)
MPRegen 0.10/turn

%: no passive effects
@: no status effects
A: sickness immunity, AC +4, negative energy resistance 1, electricity
resistance, torment resistance 1, petrification resistance
a: Renounce Religion


You were on level 4 of the Dungeon.
You worshipped Okawaru.
Okawaru was noncommittal.
You visited 1 branch of the dungeon, and saw 4 of its levels.

You collected 236 gold pieces.


Innate Abilities, Weirdness & Mutations

You are immune to sickness and miasma.
Your stone body is resilient. (AC +4)
You are immune to poison.
You resist negative energy. (rN+)
You are resistant to electric shocks. (rElec)
You are resistant to unholy torment.
You are immune to petrification.


   Skills:
 - Level 4.0 Fighting
 + Level 6.9 Ranged Weapons
 - Level 1.0 Armour
 - Level 1.5 Dodging
 - Level 1.1 Stealth


You had 5 spell levels left.
You didn't know any spells.
Your spell library was empty.

Inventory:

Hand Weapons
 Y - a +0 shortbow (weapon)
Armour
 b - a +2 helmet (worn)
 g - a +0 ring mail (worn)
Scrolls
 a - 2 scrolls of identify
 e - a scroll of blinking {unknown}
Potions
 c - a potion of heal wounds {unknown}
 d - a potion of degeneration {unknown}
 f - 4 potions of curing
 i - a potion of might

Dungeon Overview and Level Annotations

Branches:
Dungeon (4/15)
 Temple: D:4-7

Altars:
Dithmenos
Makhleb
Okawaru
Uskayaw
Zin

Annotations:
D:4 Edmund


Message History

Edmund hits you with a +2 dire flail of protection.
You shoot an arrow.
The arrow hits Edmund but does no damage.
Edmund is moderately wounded.
Edmund hits you with a +2 dire flail of protection.
You shoot an arrow.
The arrow hits Edmund but does no damage.
Edmund is moderately wounded.
Edmund hits you with a +2 dire flail of protection!
You shoot an arrow.
The arrow hits Edmund but does no damage.
Edmund is moderately wounded.
Edmund hits you with a +2 dire flail of protection.
You shoot an arrow. The arrow closely misses Edmund.
Edmund barely misses you.
You shoot an arrow. The arrow barely misses Edmund.
Edmund barely misses you.
You shoot an arrow. The arrow hits Edmund!
Edmund is heavily wounded.
Edmund barely misses you.
You shoot an arrow. The arrow hits Edmund.
Edmund is heavily wounded.
Edmund hits you but does no damage. x2
You shoot an arrow.
The arrow hits Edmund but does no damage.
Edmund is heavily wounded.
Edmund says, "I might not be good at magic, but I can still kill you!"
Edmund barely misses you.
You shoot an arrow. The arrow closely misses Edmund.
Edmund barely misses you.
You shoot an arrow.
The arrow hits Edmund but does no damage.
Edmund is heavily wounded.
You hear the rapid rusting of a very distant drain.
Edmund completely misses you.
You shoot an arrow. The arrow hits Edmund!
Edmund is heavily wounded.
Edmund hits you with a +2 dire flail of protection!
You die...
Edmund says, "I'd like to see a scythe do that!"

.#/..#...#...#............##.....
.#..###..#...#...##..##..#.......
#..#...#..###....#....#.##...|.#.
...#...#...#.............#....##.
...#...# ..#...#.........#....# .
###.###..#..##.##........^.......
.. .. ..#........#.##...........
.#..#. .#.....#@####............
.. .... #...# #@.............#.#
### # .. #.. #......#.......#####
# .........# #........##
###......# ........ #......###
########


You could see Edmund.

Vanquished Creatures
  Eustachio (D:4)
  Robin (D:2)
  8 adders
  2 river rats (D:4)
  2 worms
  A dart slug (D:4)
  5 orcs
  6 bats
  7 endoplasms
  3 giant cockroaches
  18 goblins
  10 hobgoblins
  A jackal (D:4)
  3 quokkas
  8 ball pythons
  5 frilled lizards
  3 kobolds
  8 rats
92 creatures vanquished.

Notes
Turn   | Place    | Note
-------+----------+-------------------------------------------
     0 | D:1      | qw the Gargoyle Hunter began the quest for the Orb.
     0 | D:1      | Reached XP level 1. HP: 12/12 MP: 1/1
     0 | D:1      | 0 ||| qw: Version: 0.3-a-76-g4403597
     0 | D:1      | 0 ||| qw: Game counter: 330
     0 | D:1      | 0 ||| qw: Melee chars always use a shield: true
     0 | D:1      | 0 ||| qw: God list: Okawaru
     0 | D:1      | 0 ||| qw: Allow faded altars: false
     0 | D:1      | 0 ||| qw: Do Orc after clearing Dungeon:15 true
     0 | D:1      | 0 ||| qw: Do second Lair branch before Depths: true
     0 | D:1      | 0 ||| qw: Lair rune preference: random
     0 | D:1      | 0 ||| qw: Goals: Normal
     0 | D:1      | 0 ||| PLANNING D:1-11
    62 | D:1      | Reached XP level 2. HP: 17/17 MP: 2/2
   323 | D:1      | Reached XP level 3. HP: 18/21 MP: 3/3
   417 | D:1      | Found a faded altar of an unknown god.
   506 | D:1      | Reached skill level 5 in Ranged Weapons
   746 | D:1      | 746 ||| UPGRADING to +0 ring mail.
   756 | D:1      | 756 ||| DROPPING +0 leather armour.
   757 | D:1      | 757 ||| DROPPING ring of flight.
   758 | D:1      | 758 ||| READING scroll labelled JOTAAM CIPLI.
   759 | D:1      | 759 ||| READING scroll labelled YPOYSE PATUWN.
   760 | D:1      | 760 ||| DRINKING 2 orange potions.
   761 | D:1      | 761 ||| DROPPING scroll of butterflies.
   834 | D:2      | 834 ||| FLEEEEING.
   866 | D:2      | Reached skill level 1 in Armour
   868 | D:2      | Noticed Robin
   886 | D:2      | Killed Robin
   886 | D:2      | HP: 5/22 [goblin/+0 dagger[Robin] (2)]
   888 | D:2      | Reached XP level 4. HP: 5/27 MP: 4/4
   890 | D:2      | Reached skill level 3 in Fighting
  1001 | D:2      | Found an iron altar of Okawaru.
  1002 | D:2      | 1002 ||| PLANNING OKAWARU WORSHIP
  1002 | D:2      | 1002 ||| UPGRADING to +2 helmet.
  1007 | D:2      | 1007 ||| READING scroll labelled ROEMAD DEUSMOS.
  1008 | D:2      | 1008 ||| DRINKING 2 emerald potions.
  1009 | D:2      | 1009 ||| DROPPING potion of brilliance.
  1029 | D:2      | Became a worshipper of Warmaster Okawaru
  1030 | D:2      | 1030 ||| PLANNING D:1-11
  1351 | D:2      | 1351 ||| READING 2 scrolls of identify.
  1351 | D:2      | 1351 ||| IDENTIFYING yellow potion
  1352 | D:2      | 1352 ||| DROPPING potion of attraction.
  1387 | D:3      | Found a hide-covered altar of Uskayaw.
  1546 | D:3      | Reached XP level 5. HP: 17/32 MP: 5/5
  1729 | D:3      | Found a shadowy altar of Dithmenos.
  1729 | D:3      | Found a burning altar of Makhleb.
  1732 | D:3      | Found a glowing silver altar of Zin.
  2103 | D:3      | 2103 ||| READING 2 scrolls of identify.
  2103 | D:3      | 2103 ||| IDENTIFYING dark potion
  2124 | D:4      | 2124 ||| PLANNING SEWER
  2124 | D:4      | 2124 ||| STAIRDANCE
  2172 | D:4      | Reached skill level 6 in Ranged Weapons
  2555 | D:4      | Noticed Eustachio
  2581 | D:4      | 2581 ||| Stepping ~*~*~tactically~*~*~ (retreating).
  2582 | D:4      | 2582 ||| Stepping ~*~*~tactically~*~*~ (retreating).
  2583 | D:4      | 2583 ||| Stepping ~*~*~tactically~*~*~ (retreating).
  2584 | D:4      | 2584 ||| Stepping ~*~*~tactically~*~*~ (retreating).
  2587 | D:4      | 2587 ||| Stepping ~*~*~tactically~*~*~ (retreating).
  2597 | D:4      | Killed Eustachio
  2598 | D:4      | Reached XP level 6. HP: 16/38 MP: 6/6
  2728 | D:4      | Noticed Edmund
  2747 | D:4      | HP: 4/38 [Edmund/+2 dire flail of protection (8)]
  2756 | D:4      | Slain by Edmund

Levels and vault maps discovered:
D:1:      minmay_arrival_split_and_join, layout_loops_ring,
          chequers_ecumenical_altar_simple, minmay_split_cup_large
D:2:      layout_basic, basic_altar, minmay_indecisive_spiral, uniq_robin
D:3:      layout_loops_ring, overflow_temple_1_default,
          nicolae_overflow_hidden_temple, grunt_decor_arrowhead, st_stairs_11
D:4:      layout_cave_pools, lightli_sewer_entry_pipes, st_stairs_1,
          nicolae_titane, uniq_eustachio, uniq_edmund

Skill      XL: |  1  2  3  4  5 |
---------------+----------------+-----
Ranged Weapons | 5 6 |  6.9
Armour         | 1 |  1.0
Fighting       | 3 4 |  4.0
Dodging        | |  1.5
Stealth        | |  1.1

Action                     |  1- 3 |  4- 6 || total
---------------------------+-------+-------++-------
   Fire: Shortbow          |   116 |   231 ||   347
    Use: Scroll            |     2 |     3 ||     5
         Potion            |     1 |     1 ||     2
 Armour: Leather armour    |    17 |       ||    17
         Ring mail         |    48 |    88 ||   136
  Dodge: Dodged            |    48 |    80 ||   128

Table legend:
 A = Non-vault XP
 B = Vault XP
 C = Vault XP percentage of total XP
 D = Non-vault monster count
 E = Vault monster count
 F = Vault count percentage of total count
                 A         B        C        D         E       F
            +---------+---------+-------+---------+---------+-------
      Total |     178 |     315 |  63.9 |      60 |      32 |  34.8
            +---------+---------+-------+---------+---------+-------
        D:1 |      34 |       8 |  19.0 |      22 |       4 |  15.4
        D:2 |      49 |      58 |  54.2 |      16 |      17 |  51.5
        D:3 |      49 |       3 |   5.8 |      13 |       3 |  18.8
        D:4 |      46 |     246 |  84.2 |       9 |       8 |  47.1
            +---------+---------+-------+---------+---------+-------
